Map: Blackpink LE

Players

axu

  • Race: Protoss Protoss
  • League: Platinum
  • Spawn Location: 1:00

Kam - Winner!

  • Race: Zerg Zerg
  • League: Platinum
  • Spawn Location: 7:00

VOD

Have the link to the VOD?

Description

Time

  • Played on: March 7, 2018, 10:28 a.m.
  • Length: 16:44
Show
View Real Time Build Order
Export as new Build Order

axu Protoss 

Build Orders: 1 Gate Expand 

Get SALT Encoding   

  12  0:00  Probe  
  13  0:13  Probe  
  14  0:20  Pylon  
  14  0:25  Probe  
  15  0:38  Probe  
  16  0:45  Gateway  
  16  0:50  Probe  
  16  0:53  Assimilator  
  17  1:02  Probe  
  18  1:14  Probe (Chrono Boost)  
  20  1:26  Probe (Chrono Boost)  
  20  1:29  Nexus  
  20  1:36  Probe  
  21  1:57  Cybernetics Core  
  21  2:01  Pylon  
  21  2:05  Probe  
  21  2:06  Gateway  
  22  2:11  Assimilator  
  22  2:26  Probe (Chrono Boost)  
  24  2:38  Probe (Chrono Boost)  
  24  2:39  Adept  
  24  2:43  Probe (Chrono Boost)  
  27  2:45  Probe  
  28  2:53  Adept, Warp Gate (Chrono Boost)  
  28  2:54  Probe  
  28  2:57  Probe  
  32  3:03  Pylon  
  32  3:06  Probe  
  32  3:11  Adept  
  35  3:13  Probe  
  35  3:18  Probe  
  37  3:22  Stargate  
  37  3:25  Probe  
  38  3:34  Robotics Facility  
  38  3:36  Probe  
  38  3:37  Probe  
  40  3:44  Pylon  
  38  4:11  Adept (Chrono Boost)  
  38  4:12  Adept (Chrono Boost)  
  39  4:22  Observer  
  40  4:29  Shield Battery, Probe x2  
  42  4:32  Assimilator  
  42  4:33  Adept x2 (Chrono Boost)  
  42  4:35  Assimilator  
  46  4:41  Probe x2  
  46  4:43  Gateway x2  
  51  4:45  Oracle  
  51  4:46  Gateway  
  51  5:00  Pylon  
  51  5:03  Probe x2  
  51  5:05  Twilight Council  
  53  5:15  Probe x2  
  55  5:27  Probe x2  
  59  5:38  Resonating Glaives (Chrono Boost)  
  57  6:16  Immortal (Chrono Boost)  
  61  6:26  Stalker x2, Robotics Facility  
  61  6:27  Stalker x2  
  61  6:31  Pylon  
  69  6:33  Pylon  
  69  6:35  Shield Battery  
  69  6:39  Pylon  
  69  6:41  Pylon  
  69  6:49  Phoenix  
  71  6:57  Immortal  
  75  7:04  Probe x2  
  75  7:07  Nexus  
  75  7:08  Pylon  
  77  7:10  Pylon  
  77  7:14  Forge x2  
  77  7:16  Immortal  
  81  7:25  Stalker x3  
  81  7:27  Zealot  
  89  7:34  Templar Archives  
  89  7:35  Probe x2  
  91  7:39  Shield Battery  
  91  7:43  Shield Battery  
  91  8:03  Immortal  
  91  8:04  Immortal  
  99  8:16  Stalker  
  99  8:17  Stalker  
  103  8:21  Zealot  
  105  8:40  Zealot  
  103  8:42  Immortal  
  103  8:46  Immortal  
  111  9:06  Protoss Ground Weapons Level 1  
  111  9:07  Protoss Ground Armor Level 1  
  111  9:09  Charge  
  111  9:21  Immortal  
  111  9:23  Adept x2  
  111  9:24  Adept x3  
  123  9:26  Observer  
  112  9:50  Immortal  
  112  9:52  Zealot x3  
  106  9:53  Zealot x2  
  102  10:00  Immortal  
  102  10:05  Gateway  
  106  10:08  Gateway  
  106  10:10  Pylon  
  106  10:11  Gateway  
  106  10:12  Probe x2  
  106  10:13  Probe  
  105  10:40  Zealot x4  
  105  10:41  Zealot  
  79  10:54  Immortal x2  
  77  11:02  Zealot  
  77  11:03  Zealot x3  
  85  11:04  Probe  
  85  11:05  Probe  
  87  11:13  Probe  
  87  11:17  Probe x2  
  90  11:19  Assimilator  
  90  11:21  Assimilator  
  90  11:25  Protoss Ground Weapons Level 2 (Chrono Boost), Probe  
  91  11:26  Protoss Ground Armor Level 2 (Chrono Boost)  
  91  11:39  Immortal  
  94  11:57  Sentry  
  96  12:02  High Templar x6  
  96  12:03  High Templar  
  110  12:09  Archon x2  
  110  12:15  Probe x3  
  109  12:27  Probe x2  
  89  12:37  Adept  
  89  12:38  Adept x6  
  89  12:39  Adept  
  89  12:42  Probe x3  
  108  12:53  Psionic Storm  
  108  12:54  Probe x3  
  108  12:57  Immortal  
  115  13:03  Pylon  
  115  13:05  Archon  
  115  13:06  Probe  
  115  13:08  High Templar  
  118  13:25  Pylon  
  118  13:29  Zealot x3  
  118  13:30  Zealot x3  
  123  13:59  High Templar x5  
  133  14:08  Zealot x2  
  133  14:09  Zealot  
  137  14:30  Zealot x3  
  143  14:36  Observer (Chrono Boost)  
  143  14:37  Observer (Chrono Boost)  
  97  15:13  Zealot x5  
  77  15:14  Zealot x3  
  61  15:38  Nexus  
  61  15:40  Immortal x2 (Chrono Boost)  
  61  15:41  Pylon  
  68  15:43  Pylon  
  68  15:55  High Templar x4  
  68  15:56  High Templar x2  
  79  16:04  Archon x3  
  69  16:31  Shield Battery  
  69  16:33  Shield Battery  
Show
View Real Time Build Order
Export as new Build Order

Kam Zerg - Winner!

Build Orders: Hatch First, Lurkers 

Get SALT Encoding   

  12  0:03  Drone  
  13  0:13  Overlord  
  13  0:18  Drone  
  14  0:37  Drone x3  
  17  1:06  Hatchery  
  16  1:16  Spawning Pool  
  15  1:18  Extractor  
  15  1:19  Drone x2  
  16  1:36  Drone x2  
  18  1:48  Drone  
  19  1:57  Drone  
  20  2:03  Drone  
  21  2:14  Drone  
  22  2:17  Queen  
  22  2:18  Hatchery  
  22  2:22  Drone  
  24  2:30  Overlord  
  24  2:32  Drone  
  25  2:49  Drone x3  
  28  2:53  Metabolic Boost  
  28  3:03  Drone  
  28  3:05  Drone x2  
  31  3:17  Extractor  
  30  3:22  Drone  
  30  3:23  Drone  
  32  3:28  Overlord  
  32  3:33  Roach Warren  
  31  3:35  Zergling x8  
  31  3:38  Drone  
  31  3:40  Queen  
  38  3:42  Drone x2  
  40  3:53  Zergling x2  
  38  4:08  Drone x2  
  38  4:09  Drone x2  
  41  4:10  Drone  
  40  4:18  Drone x4  
  40  4:20  Queen  
  46  4:28  Zergling x2  
  47  4:31  Lair  
  47  4:44  Roach  
  49  4:46  Overlord x2  
  49  4:51  Extractor  
  49  4:52  Extractor  
  46  5:10  Roach x3  
  46  5:11  Roach x2  
  46  5:13  Drone x8  
  64  5:35  Overlord x3  
  64  5:42  Evolution Chamber  
  64  5:44  Evolution Chamber  
  64  5:46  Glial Reconstitution  
  64  5:49  Overlord, Roach  
  64  5:56  Hydralisk Den  
  57  6:07  Drone  
  57  6:08  Drone x2  
  55  6:17  Drone x7  
  55  6:18  Drone x2  
  64  6:24  Spore Crawler  
  63  6:33  Zerg Missile Weapons Level 1  
  63  6:34  Zerg Ground Armor Level 1  
  63  6:39  Roach  
  65  6:43  Spore Crawler  
  64  6:51  Roach x7  
  78  7:08  Zergling x2  
  78  7:09  Zergling x16  
  87  7:15  Extractor  
  87  7:16  Extractor  
  87  7:17  Drone x3  
  88  7:28  Hydralisk x4  
  96  7:33  Muscular Augments  
  96  7:34  Overlord x3  
  96  7:39  Spore Crawler  
  95  7:44  Pneumatized Carapace  
  95  7:46  Drone x2  
  97  8:00  Drone  
  97  8:01  Drone x2, Lurker Den  
  99  8:05  Overlord  
  99  8:06  Overlord  
  99  8:15  Zergling x4  
  99  8:16  Zergling x10  
  106  8:28  Zerg Melee Weapons Level 1  
  84  8:44  Zergling x24  
  84  8:45  Grooved Spines  
  84  8:48  Drone  
  91  9:02  Hydralisk  
  91  9:03  Hydralisk x3  
  99  9:19  Zerg Missile Weapons Level 2  
  99  9:21  Zergling x2  
  99  9:22  Zergling x10  
  105  9:30  Lurker x3  
  109  9:31  Lurker  
  85  10:02  Hydralisk x7  
  99  10:07  Drone  
  99  10:08  Drone x2  
  92  10:42  Zergling x6  
  78  10:43  Zergling x26  
  79  11:01  Infestation Pit  
  78  11:09  Lurker x2  
  78  11:10  Lurker x4  
  84  11:13  Drone  
  84  11:14  Drone x6  
  84  11:16  Overseer  
  91  11:34  Drone  
  91  11:35  Drone x7  
  98  12:05  Hydralisk  
  98  12:06  Hydralisk x8  
  103  12:31  Hydralisk x3, Zergling x2  
  103  12:32  Hydralisk x4  
  103  12:33  Hydralisk  
  101  12:49  Hive  
  101  12:58  Hydralisk  
  101  12:59  Lurker  
  101  13:00  Lurker x2  
  106  13:09  Hatchery  
  105  13:16  Zerg Ground Armor Level 2  
  105  13:20  Zergling x2  
  105  13:21  Zergling x4  
  102  13:46  Lurker x10  
  102  13:47  Lurker x2  
  114  13:52  Hydralisk  
  114  13:53  Hydralisk x6  
  128  13:59  Hatchery  
  127  14:03  Hydralisk x4  
  127  14:49  Hydralisk  
  127  14:50  Hydralisk x4  
  137  14:54  Overlord x2  
  137  14:55  Overlord x2  
  137  14:59  Zergling x2  
  138  15:01  Overlord x5  
  123  15:27  Zergling x2  
  123  15:28  Zergling x20  
  125  15:39  Drone  
  125  15:40  Drone x2  
  128  15:44  Zergling x4  
  128  15:45  Zergling x2  
  131  15:54  Hydralisk x2  
  131  15:55  Hydralisk  
  136  16:11  Drone x4  
  133  16:26  Extractor  
  133  16:28  Extractor  
Tags
 
Add a new tag
Caveats
  • Supply blocks, unpowered buildings, or Contaminate may cause inaccurate times.
  • Supply counts are checked every 10 seconds.